 Dungeon Crawl Stone Soup version 0.24-a0-378-g94936e5 (webtiles) character file.

Game seed: 8213617613785930116

12 AlmondAAA the Sneak (level 2, 0/13 HPs)
             Began as a Spriggan Enchanter on June 2, 2019.
             Slain by a jackal (3 damage)
             ... on level 1 of the Dungeon.
             The game lasted 00:01:25 (754 turns).

AlmondAAA the Sneak (Spriggan Enchanter)             Turns: 754, Time: 00:01:25

Health: 0/13       AC:  2    Str:  4    XL:     2   Next: 20%
Magic:  6/7        EV: 18    Int: 16    God:
Gold:   7          SH:  0    Dex: 16    Spells: 5/8 levels left

rFire    . . .     SeeInvis +   a - +1 dagger
rCold    . . .     Gourm    .   (shield restricted)
rNeg     . . .     Faith    .   b - +0 robe
rPois    .         Spirit   .   (helmet restricted)
rElec    .         Reflect  .   (no cloak)
rCorr    .         Harm     .   (gloves unavailable)
MR       .....                  (boots unavailable)
Stlth    +++.......             (no amulet)
HPRegen  0.04/turn              (no ring)
MPRegen  0.10/turn              (no ring)

@: very quick
A: very small, unfitting armour, see invisible, herbivore, speed 3, slow
metabolism 2
a: no special abilities


You were on level 1 of the Dungeon.
You were not hungry.

You visited 1 branch of the dungeon, and saw 1 of its levels.

You collected 7 gold pieces.

Inventory:

Hand Weapons
 a - a +1 dagger (weapon)
Armour
 b - a +0 robe (worn)
Scrolls
 c - a scroll of fear {unknown}
Comestibles
 d - 2 rations


   Skills:
 - Level 1.1 Short Blades
 - Level 3.0 Dodging
 - Level 4.6 Stealth
 + Level 3.6 Spellcasting
 - Level 3.6 Hexes


You had 5 spell levels left.
You knew the following spells:

 Your Spells              Type           Power        Failure   Level  Hunger
a - Corona                Hex            ##.....      4%          1    None
b - Ensorcelled Hibernat  Hex/Ice        #.....       13%         2    ##.....

Your spell library contained the following spells:

 Spells                   Type           Power        Failure   Level  Hunger
 Confuse                  Hex            ##......     12%         3    ###....
 Tukima's Dance           Hex            ##......     12%         3    ###....
 Dazzling Spray           Conj/Hex       #.....       26%         3    ###....


Dungeon Overview and Level Annotations

Branches:
Dungeon (1/15)

Altars:


Innate Abilities, Weirdness & Mutations

You are very small and have problems with some larger weapons.
You are too small for most types of armour.
You have supernaturally acute eyesight. (SInv)
You are a herbivore.
You cover ground extremely quickly.
You need to consume almost no food.


Message History

You hit the jackal but do no damage. The jackal completely misses you.
You hit the jackal.
The jackal is heavily wounded.
The jackal closely misses you.
You hit the jackal.
The jackal is severely wounded.
The jackal bites you but does no damage.
The jackal bites you.
* * * LOW HITPOINT WARNING * * *
You hit the jackal.
The jackal is almost dead.
The jackal misses you.
You barely miss the jackal.
The jackal is almost dead.
The jackal stops glowing.
The jackal bites you but does no damage.
You barely miss the jackal.
The jackal is almost dead.
The jackal bites you.
You die...

.......hh#######.......#.........
####.h##...............#.........
# ##.(####'#..........#.........
######.####.#...###.####.........
..(.......#.#..(.................
.....##..##.#.##.................
.....###.##.###................#
.....#####...#####........###.##
.....†.....<...h@+........#
.....##.........##.......##
.....###.......###..#...## ###..#
##.....## #..##### ##h# ##...##
#..# ####.# ##.## #...
.....#############.##.
..........##.....#.. #
........†.#........


You could see a jackal.

Vanquished Creatures
  A leopard gecko (D:1)
  2 bats (D:1)
  A hobgoblin (D:1)
  5 jackals (D:1)
9 creatures vanquished.

Notes
Turn   | Place    | Note
-------+----------+-------------------------------------------
     0 | D:1      | AlmondAAA the Spriggan Enchanter began the quest for the
                  | Orb.
     0 | D:1      | Reached XP level 1. HP: 9/9 MP: 5/5
   466 | D:1      | Reached XP level 2. HP: 9/13 MP: 5/7
   478 | D:1      | Learned a level 2 spell: Ensorcelled Hibernation
   754 | D:1      | Slain by a jackal

Levels and vault maps discovered:
D:1:      mrwooster_arrival_arrow, layout_rooms

Skill      XL: |  1 |
---------------+----+-----
Spellcasting   | 3 |  3.6
Short Blades   | |  1.1
Dodging        | |  3.0
Stealth        | |  4.6
Hexes          | |  3.6

Action                   || total
-------------------------++-------
Melee: Dagger            ||    82
 Cast: Corona            ||     5
 Stab: Sleeping          ||     1
Armor: Robe              ||    18
Dodge: Dodged            ||   106

Table legend:
 A = Non-vault XP
 B = Vault XP
 C = Vault XP percentage of total XP
 D = Non-vault monster count
 E = Vault monster count
 F = Vault count percentage of total count
                 A         B        C        D         E       F
            +---------+---------+-------+---------+---------+-------
      Total |      18 |       0 |   0.0 |       9 |       0 |   0.0
            +---------+---------+-------+---------+---------+-------
        D:1 |      18 |       0 |   0.0 |       9 |       0 |   0.0
            +---------+---------+-------+---------+---------+-------
